Map: Romanticide LE

Players

Stats

  • Race: Protoss Protoss
  • Spawn Location: 5:00

Cure - Winner!

  • Race: Terran Terran
  • Spawn Location: 11:00

Event: IEM Katowice 2021

VOD

Have the link to the VOD?

Description

Time

  • Played on: Feb. 25, 2021, 11:23 a.m.
  • Length: 6:58

All games in this series

Show
View Real Time Build Order
Export as new Build Order

Stats Protoss 

Build Orders: 1 Gate Expand, Blink Stalkers 

Get SALT Encoding   

  12  0:00  Probe  
  13  0:12  Probe  
  14  0:17  Pylon  
  14  0:24  Probe (Chrono Boost)  
  15  0:36  Gateway, Probe (Chrono Boost)  
  16  0:44  Probe (Chrono Boost)  
  16  0:45  Assimilator  
  17  0:50  Probe  
  18  1:03  Probe  
  19  1:15  Probe  
  20  1:23  Cybernetics Core  
  20  1:31  Nexus  
  20  1:33  Probe  
  21  1:40  Pylon  
  21  1:44  Assimilator  
  21  1:48  Probe  
  22  1:57  Adept (Chrono Boost)  
  22  2:00  Probe, Warp Gate  
  25  2:12  Probe  
  26  2:17  Twilight Council  
  26  2:18  Adept (Chrono Boost)  
  28  2:24  Probe  
  30  2:38  Probe (Chrono Boost)  
  30  2:39  Robotics Facility  
  30  2:43  Probe (Chrono Boost)  
  32  2:53  Probe (Chrono Boost)  
  32  2:54  Probe (Chrono Boost)  
  32  2:58  Probe (Chrono Boost)  
  33  3:00  Blink (Chrono Boost)  
  33  3:01  Probe  
  33  3:14  Probe x2  
  33  3:18  Gateway  
  33  3:20  Gateway  
  33  3:23  Gateway  
  34  3:27  Observer (Chrono Boost), Probe  
  34  3:29  Probe  
  36  3:39  Assimilator  
  36  3:40  Probe  
  36  3:41  Probe  
  38  3:43  Warp Prism (Chrono Boost)  
  40  3:52  Probe  
  40  3:53  Probe  
  40  3:54  Stalker  
  44  3:57  Pylon  
  44  4:01  Pylon  
  44  4:05  Probe x2  
  46  4:21  Stalker x3  
  46  4:22  Stalker  
  49  4:26  Probe x2  
  47  4:48  Stalker x4  
  53  4:54  Probe x2  
  55  5:03  Observer  
  49  5:11  Stalker x3  
  53  5:23  Stalker  
  44  5:40  Adept x3  
  50  5:47  Adept  
  43  6:05  Adept x3  
  14  6:46  Sentry  
Show
View Real Time Build Order
Export as new Build Order

Cure Terran - Winner!

Build Orders:  

Get SALT Encoding   

  12  0:00  SCV  
  13  0:12  SCV  
  14  0:17  Supply Depot  
  14  0:24  SCV  
  15  0:39  SCV  
  15  0:41  Barracks  
  15  0:42  Refinery  
  16  0:51  SCV  
  17  1:03  SCV  
  18  1:15  SCV  
  19  1:28  Marine, Orbital Command  
  20  1:40  Command Center  
  20  1:47  Barracks Reactor  
  20  1:54  SCV  
  21  1:56  Supply Depot  
  21  2:05  Factory  
  21  2:08  SCV  
  22  2:20  SCV  
  23  2:24  Marine x2  
  25  2:33  SCV  
  26  2:39  Bunker  
  26  2:42  Marine x2  
  28  2:45  SCV  
  28  2:50  Hellion, Starport  
  31  2:55  Orbital Command  
  31  2:57  SCV  
  32  2:59  Marine  
  32  3:01  Marine  
  34  3:09  SCV  
  36  3:13  Hellion  
  36  3:17  Marine  
  36  3:19  Marine  
  38  3:21  SCV  
  38  3:22  SCV  
  38  3:26  Medivac  
  42  3:28  Supply Depot  
  44  3:34  Hellion  
  44  3:35  SCV  
  44  3:36  SCV  
  44  3:38  Supply Depot  
  46  3:49  SCV x2, Marine x2  
  46  3:50  Engineering Bay  
  46  3:53  Barracks  
  52  3:56  Widow Mine  
  52  4:04  SCV, Supply Depot  
  52  4:05  SCV  
  52  4:07  Marine x2  
  56  4:13  Supply Depot  
  56  4:17  SCV x2, Widow Mine  
  60  4:25  Marine x2  
  60  4:31  SCV x2  
  62  4:34  Bunker  
  62  4:37  Bunker  
  60  4:42  Barracks Tech Lab  
  60  4:43  Widow Mine  
  60  4:44  Marine x2  
  62  4:49  SCV  
  62  4:50  SCV  
  64  4:55  Refinery  
  62  5:01  Marine  
  62  5:02  Marine  
  62  5:03  Concussive Shells  
  62  5:04  Marauder  
  63  5:07  Widow Mine  
  63  5:09  Barracks  
  63  5:11  SCV x2  
  67  5:21  Marine x2  
  67  5:25  Marauder  
  71  5:29  Widow Mine  
  72  5:40  Marine x2  
  72  5:42  SCV x2  
  72  5:46  Marauder  
  63  5:58  Marine x2  
  63  6:00  Marine  
  57  6:08  Marauder  
  49  6:11  SCV x2  
  49  6:15  Marine  
  49  6:16  Marine  
  39  6:25  Marine  
  29  6:28  Marine  
  25  6:33  Marine  
  25  6:37  Marine  
  23  6:44  SCV  
  23  6:45  SCV  

Tags
 
Add a new tag
Caveats
  • Supply blocks, unpowered buildings, or Contaminate may cause inaccurate times.
  • Supply counts are checked every 10 seconds.